Map: New Repugnancy LE

Players

JukeLuke

  • Race: Terran Terran
  • League: Platinum
  • Spawn Location: 1:00

pHARM - Winner!

  • Race: Zerg Zerg
  • League: Platinum
  • Spawn Location: 7:00

VOD

Have the link to the VOD?

Description

Time

  • Played on: July 29, 2019, 3:13 p.m.
  • Length: 9:42
Show
View Real Time Build Order
Export as new Build Order

JukeLuke Terran 

Build Orders:  

Get SALT Encoding   

  12  0:01  SCV  
  13  0:13  SCV  
  14  0:19  Supply Depot  
  14  0:25  SCV  
  15  0:40  SCV  
  16  0:43  Barracks  
  16  0:50  Refinery  
  16  0:53  SCV  
  17  1:05  SCV  
  18  1:17  SCV  
  19  1:29  SCV  
  19  1:30  Marine  
  19  1:31  Supply Depot  
  21  1:41  SCV  
  22  1:49  Marine  
  22  1:53  SCV  
  24  1:57  Command Center  
  24  2:05  Refinery  
  24  2:06  SCV  
  25  2:12  Marine  
  26  2:27  Bunker  
  26  2:30  Marine  
  26  2:32  SCV  
  28  2:41  Supply Depot  
  28  2:44  SCV  
  29  2:55  Factory  
  30  3:05  Orbital Command  
  29  3:08  Barracks Tech Lab  
  29  3:12  Engineering Bay  
  29  3:27  Supply Depot  
  29  3:31  Stimpack  
  29  3:33  Marine  
  30  3:38  Factory Tech Lab  
  30  3:40  Factory  
  30  3:47  Terran Infantry Weapons Level 1  
  30  3:50  SCV  
  31  3:58  SCV  
  31  4:00  Marine  
  33  4:05  Infernal Pre-Igniter  
  33  4:10  SCV  
  33  4:12  SCV  
  33  4:16  Hellion  
  37  4:22  SCV, Marauder  
  40  4:26  Factory Tech Lab  
  40  4:28  SCV  
  40  4:34  SCV  
  40  4:36  Supply Depot  
  41  4:40  SCV  
  41  4:43  Refinery  
  42  4:46  SCV  
  42  4:47  Marauder  
  42  4:49  Hellion  
  48  4:52  SCV  
  48  4:53  Hellion  
  48  4:58  SCV  
  48  4:59  Supply Depot  
  51  5:04  SCV  
  52  5:10  SCV  
  52  5:12  Armory  
  53  5:17  SCV  
  53  5:21  Refinery  
  54  5:22  SCV  
  57  5:28  Marauder  
  57  5:29  Hellion, SCV  
  57  5:30  Hellion  
  57  5:34  SCV  
  63  5:59  Hellion  
  63  6:00  Hellion  
  63  6:01  Marauder  
  63  6:02  SCV  
  63  6:03  Orbital Command  
  70  6:16  Terran Vehicle Weapons Level 1, Starport  
  70  6:26  Marauder  
  70  6:28  Hellion x2  
  70  6:47  Marine  
  70  6:49  Hellion  
  70  6:50  Hellion  
  67  7:03  Medivac  
  67  7:06  Marauder  
  69  7:11  Hellion x2  
  66  7:26  Command Center  
  66  7:27  Marauder  
  66  7:28  Barracks  
  63  7:48  Hellion x2, Marauder  
  63  7:49  Medivac  
  71  7:54  SCV x2  
  71  7:56  Supply Depot  
  73  8:01  Missile Turret  
  65  8:10  Hellion, Marauder  
  63  8:15  Hellion  
  63  8:16  Barracks  
  63  8:19  Medivac  
  52  8:31  Siege Tank, Marine  
  52  8:33  SCV x2, Liberator  
  57  8:36  Siege Tank  
  58  8:45  SCV x2  
  56  8:48  Marine  
  44  9:04  Barracks  
  44  9:07  Marauder  
Show
View Real Time Build Order
Export as new Build Order

pHARM Zerg - Winner!

Build Orders: Hatch First 

Get SALT Encoding   

  12  0:01  Drone  
  13  0:11  Drone  
  14  0:18  Overlord  
  14  0:37  Drone x2  
  16  0:50  Hatchery  
  16  0:53  Drone  
  16  0:59  Drone  
  16  1:01  Drone  
  18  1:07  Extractor  
  17  1:18  Spawning Pool  
  17  1:20  Drone  
  17  1:25  Drone  
  19  1:40  Drone  
  19  1:55  Drone x2  
  21  2:07  Zergling x4, Queen x2  
  27  2:10  Metabolic Boost  
  27  2:14  Drone  
  28  2:18  Overlord  
  28  2:41  Drone x4  
  32  2:57  Baneling Nest  
  31  3:00  Overlord  
  31  3:05  Drone x3  
  34  3:16  Drone x2  
  34  3:18  Overlord  
  36  3:20  Drone  
  36  3:21  Hatchery  
  36  3:22  Drone  
  36  3:24  Drone  
  36  3:26  Drone  
  39  3:39  Drone  
  39  3:40  Drone x4  
  44  3:51  Lair  
  44  3:55  Extractor  
  43  4:05  Extractor  
  43  4:06  Extractor  
  41  4:20  Drone  
  41  4:21  Drone x8  
  50  4:41  Spore Crawler x2  
  48  4:46  Spore Crawler  
  48  4:47  Spore Crawler  
  46  4:58  Spire  
  46  4:59  Queen  
  48  5:00  Drone x10  
  57  5:14  Overseer  
  57  5:31  Roach Warren  
  56  5:50  Overlord x2  
  56  5:51  Overlord  
  56  6:00  Overlord x2, Evolution Chamber  
  56  6:02  Evolution Chamber  
  54  6:13  Roach x10  
  54  6:17  Overlord x2  
  54  6:18  Overlord x2  
  74  6:28  Zerg Missile Weapons Level 1  
  74  6:29  Roach x2  
  74  6:30  Roach x6  
  90  6:43  Roach  
  90  6:44  Roach x4  
  92  6:49  Roach x5  
  92  6:53  Roach  
  90  6:57  Roach  
  90  7:00  Roach  
  90  7:03  Zergling x6, Roach  
  89  7:20  Glial Reconstitution  
  88  7:38  Roach x12  
  88  7:39  Roach  
  112  7:55  Queen  
  112  7:58  Nydus Network  
  109  8:08  Roach x8  
  102  8:41  Zergling x20  
  102  8:42  Zergling x10  
  116  9:02  Zergling x6  
  111  9:22  Drone x6  
Tags
 
Matchup
TvZ
Replay Pack
10.7.19
Spawn Locations
Cross Positions
Add a new tag
Caveats
  • Supply blocks, unpowered buildings, or Contaminate may cause inaccurate times.
  • Supply counts are checked every 10 seconds.